 Dungeon Sprint DCSS version 0.27-a0-1189-gb8eb6cee8e (webtiles) character file.

Game seed: 11818856302145775148

176667 mhtbhm the Archmage (level 16, -4/81 HPs)
             Began as a Deep Elf Earth Elementalist on May 21, 2021.
             Was the Champion of Vehumet.
             Killed by a mummy priest's death curse (11 damage)
             ... in the Dungeon (Sprint III: "The Ten Rune Challenge") on May 22, 2021.
             The game lasted 00:37:44 (8711 turns).

mhtbhm the Archmage (Deep Elf Earth Elementalist)   Turns: 8711, Time: 00:37:45

Health: -4/81      AC: 12    Str:  2    XL:     16   Next: 55%
Magic:  49/49      EV: 18    Int: 31    God:    Vehumet [******]
Gold:   2379       SH:  0    Dex: 23    Spells: 8/69 levels left

rFire    . . .     SeeInvis .   v - staff of earth
rCold    + . .     Faith    .   (no shield)
rNeg     + + .     Spirit   .   c - +3 troll leather armour {Snorg}
rPois    .         Reflect  .   O - +1 helmet {Int+3}
rElec    +         Harm     .   x - scarf {repulsion}
rCorr    +         Rampage  .   (no gloves)
Will     +....     NoTele   +   Q - +0 pair of boots
Stlth    +++++.....             t - amulet "Hauhailu" {Acrobat rN++}
HPRegen  1.23/turn              J - ring of wizardry
MPRegen  0.31/turn              I - ring "Baumupur" {rElec rC+ rCorr Str-3 Dex+8}

@: slowed, repel missiles, very slow
A: no striking features
}: 3/10 runes: serpentine, barnacled, silver
a: Renounce Religion


You were in the Dungeon.
You worshipped Vehumet.
Vehumet was exalted by your worship.
You visited 1 branch You collected 5012 gold pieces.
You spent 2633 gold pieces at shops.

Inventory:

Hand Weapons
 B - the +9 staff of Olgreb {rPois∞}
   (You took it off a deep elf demonologist in the Dungeon)

   It may poison the flesh of those it strikes, and is more effective with a
   high Evocations skill.
   It enhances your poison magic.
   It grants immunity to poison.
   It can be evoked to poison those around you for a time.
Missiles
 b - 49 stones
 C - 7 curare-tipped darts (quivered)
 U - 5 atropa-tipped darts
Armour
 c - a +3 troll leather armour (worn) {Snorg}
 x - a scarf of repulsion (worn)
 O - a +1 helmet of intelligence (worn)
 Q - a +0 pair of boots (worn)
Magical Staves
 v - a staff of earth (weapon)
Jewellery
 f - the amulet "Seeschoqi" {Acrobat rElec rPois Stlth+}
   (You took it off a deep elf high priest in the Dungeon)

   [amulet of the acrobat]

   It increases your evasion while moving and waiting.
   It insulates you from electricity.
   It protects you from poison.
   It makes you more stealthy.
 s - the amulet of Conformity {Reflect Int+3 SH+5}
   (You found it in the Dungeon)

   [amulet of reflection]

   It reflects blocked missile attacks.
   It affects your intelligence (+3).
   It affects your SH (+5).
 t - the amulet "Hauhailu" (around neck) {Acrobat rN++}
   (You found it in the Dungeon)

   [amulet of the acrobat]

   It increases your evasion while moving and waiting.
   It greatly protects you from negative energy.
 A - the amulet of the Air {Inacc Fly rElec EV+5 RMsl}
   (You took it off a deep elf demonologist in the Dungeon)

   [amulet of nothing]

   It affects your evasion (+5).
   It insulates you from electricity.
   It grants you flight.
   It protects you from missiles.
 E - the amulet "Kuheoqaa" {Reflect rC+ Str+3 Dex+2 SH+5}
   (You found it in the Dungeon)

   [amulet of reflection]

   It reflects blocked missile attacks.
   It affects your strength (+3).
   It affects your dexterity (+2).
   It protects you from cold.
   It affects your SH (+5).
 I - the ring "Baumupur" (right hand) {rElec rC+ rCorr Str-3 Dex+8}
   (You found it in the Dungeon)

   [ring of protection from cold]

   It affects your strength (-3).
   It affects your dexterity (+8).
   It protects you from cold.
   It insulates you from electricity.
   It protects you from acid and corrosion.
 J - a ring of wizardry (left hand)
Wands
 n - a wand of mindburst (31)
 o - a wand of flame (18)
 r - a wand of iceblast (17)
 P - a wand of acid (6)
Scrolls
 i - 2 scrolls of blinking
 j - a scroll of immolation
 k - a scroll of enchant armour
 m - a scroll of holy word
 q - 3 scrolls of silence
 z - 3 scrolls of amnesia
 F - 2 scrolls of torment
 G - a scroll of fog
 S - a scroll of fear
 T - 10 scrolls of identify
 V - 2 scrolls of acquirement
Potions
 a - 4 potions of mutation
 d - 9 potions of curing
 e - 5 potions of heal wounds
 g - 3 potions of magic
 h - a potion of berserk rage
 l - 4 potions of flight
 D - 2 potions of attraction
 H - a potion of might
 R - 2 potions of haste
 W - a potion of lignification {unknown}
 X - a potion of cancellation {unknown}
 Y - 2 potions of resistance
Miscellaneous
 p - a phantom mirror
 u - a tin of tremorstones (2/2)
 w - a phial of floods
 y - a lightning rod (4/4)
 K - a condenser vane
 L - a phantom mirror
 M - a box of beasts
 N - a tin of tremorstones (2/2)


   Skills:
 - Level 2.5 Fighting
 + Level 10.3 Armour
 + Level 11.3 Dodging
 * Level 10.2 Stealth
 O Level 27 Spellcasting
 + Level 21.6 Conjurations
 + Level 12.9 Transmutations
 * Level 23.9 Fire Magic
 + Level 3.8 Air Magic
 O Level 27 Earth Magic
 + Level 6.4 Poison Magic
 + Level 1.2 Evocations


You had 8 spell levels left.
You knew the following spells:

 Your Spells              Type           Power      Damage    Failure   Level
a - Sandblast             Erth           100%       2d20      0%          1
b - Passwall              Tmut/Erth      100%       N/A       0%          2
c - Stone Arrow           Conj/Erth      100%       3d13      0%          3
d - Lee's Rapid Deconstr  Erth           71%        3d33*     0%          5
e - Petrify               Tmut/Erth      100%       N/A       0%          4
f - Mephitic Cloud        Conj/Pois/Air  82%        N/A       1%          3
g - Bolt of Magma         Conj/Fire/Erth 68%        4d26      0%          5
h - Iron Shot             Conj/Erth      69%        9d13      0%          6
i - Orb of Destruction    Conj           54%        9d16      1%          7
j - Shatter               Erth           71%        3d52*     1%          9
k - Ignition              Fire           56%        3d15      1%          8
l - Lehudib's Crystal Sp  Conj/Erth      69%        10d16     1%          8

Your spell library contained the following spells:

 Spells                   Type           Power      Damage    Failure   Level
 Chain Lightning          Conj/Air       44%        N/A       4%          8
 Magic Dart               Conj           100%       1d8       0%          1
 Sting                    Tmut/Pois      100%       1d8       0%          1
 Searing Ray              Conj           100%       3d7       0%          2
 Static Discharge         Conj/Air       88%        N/A       0%          2
 Animate Skeleton         Necr           82%        N/A       1%          1
 Apportation              Tloc           82%        N/A       1%          1
 Corona                   Hex            45%        N/A       1%          1
 Pain                     Necr           100%       1d9       1%          1
 Summon Small Mammal      Summ           100%       N/A       1%          1
 Corpse Rot               Necr/Air       N/A        N/A       1%          2
 Ensorcelled Hibernation  Hex/Ice        82%        N/A       1%          2
 Dazzling Flash           Conj/Hex       100%       N/A       1%          3
 Lesser Beckoning         Tloc           20%        N/A       1%          3
 Airstrike                Air            30%        N/A       1%          4
 Animate Armour           Summ/Erth      100%       N/A       1%          4
 Fulminant Prism          Conj/Hex       41%        3d20      1%          4
 Hailstorm                Conj/Ice       83%        3d17      1%          4
 Iskenderun's Mystic Bla  Conj/Tloc      83%        2d16      1%          4
 Leda's Liquefaction      Hex/Erth       56%        N/A       1%          4
 Summon Lightning Spire   Summ/Air       52%        N/A       1%          4
 Hydra Form               Tmut           44%        N/A       1%          5
 Conjure Ball Lightning   Conj/Air       44%        3x3d15    1%          6
 Silence                  Hex/Air        26%        N/A       5%          5
 Agony                    Necr           41%        N/A       12%         5
 Death Channel            Necr           20%        N/A       52%         6
 Simulacrum               Ice/Necr       20%        N/A       52%         6
 Necromutation            Tmut/Necr      34%        N/A       86%         8
 Malign Gateway           Summ/Tloc      20%        N/A       96%         7
 Borgnjor's Revivificati  Necr           20%        N/A       100%        8
 Infestation              Necr           20%        N/A       100%        8
 Fire Storm               Conj/Fire      55%        8d14      1%          9
 Absolute Zero            Ice            20%        ∞         100%        9
 Death's Door             Necr           20%        N/A       100%        9
 Tornado                  Air            30%        N/A       100%        9


Dungeon Overview and Level Annotations

Branches:
Dungeon (1/1)

Altars:
Cheibriados
Dithmenos
Elyvilon
Fedhas
Gozag
Hepliaklqana
Kikubaaqudgha
Makhleb
Nemelex Xobeh
Okawaru
Qazlal
Ru
Sif Muna
Trog
Uskayaw
Vehumet
Wu Jian
Xom
Yredelemnul
Zin
The Shining One
Beogh
Jiyva
Lugonu

Shops:
D :?[:(?((=(*:(![!(?


Message History

The mummy priest is almost destroyed.
You feel extremely nervous for a moment...
Pain shoots through your body!
The guardian mummy explodes!
The fiery explosion engulfs the guardian mummy!!!
Vehumet accepts your kill. x2
You feel a bit more experienced.
You feel extremely nervous for a moment...
Your body is wracked with pain!
* * * LOW HITPOINT WARNING * * *
You feel extremely nervous for a moment...
You feel homesick.
The guardian mummy explodes!
You feel extremely nervous for a moment...
Your bones ache.
The guardian mummy explodes!
The fiery explosion engulfs the guardian mummy!
Vehumet accepts your kill.
You feel extremely nervous for a moment...
Your body is wracked with pain!
* * * LOW HITPOINT WARNING * * *
The guardian mummy explodes!
The fiery explosion engulfs the mummy priest!!
Flame seeps out of the mummy priest.
The mummy priest is almost destroyed.
The fiery explosion engulfs the mummy priest!!
Vehumet accepts your kill.
You feel extremely nervous for a moment...
Your body is wracked with pain!
* * * LOW HITPOINT WARNING * * *
The mummy priest explodes!
The fiery explosion engulfs the mummy priest!!
Vehumet accepts your kill. x2
You feel a bit more experienced.
You feel extremely nervous for a moment...
Your body is wracked with pain!
* * * LOW HITPOINT WARNING * * *
You feel extremely nervous for a moment...
Pain shoots through your body!
You die...

▓..#..^...........#
▓^.#..^.......^...#
▓^^#..##########..#
▓..#..#^○○○§ #..#
▓..#..#§§§○ #..#
▓..#^.#○○○ #.^#
▓..#..#§§ #..#
▓.^#..#'########.^#
▓^.#..#@^.^.......#
▓..'..#^.^....^^..#
▓##################


There were no monsters in sight!

Vanquished Creatures
  Frederick (D)
  Sigmund (D)
  2 golden dragons (D)
  4 bone dragons (D)
  Rupert (D)
  A lich (D)
  A quicksilver dragon (D)
  A deep elf master archer (D)
  2 sphinxes (D)
  Polyphemus (D)
  Gastronok (D)
  Chuck (D)
  2 shadow dragons (D)
  4 azure jellies (D)
  Ilsuiw (D)
  A nagaraja (D)
  2 fire giants (D)
  2 frost giants (D)
  2 vampire knights (D)
  A stone giant (D)
  Azrael (D)
  A deep elf annihilator (D)
  2 dire elephants (D)
  3 deep elf demonologists (D)
  Snorg (D)
  A merfolk javelineer (D)
  A fire dragon (D)
  7 mummy priests (D)
  2 deep elf high priests (D)
  16 vault guards (D)
  4 yaktaur captains (D)
  A boulder beetle (shapeshifter) (D)
  A naga warrior (D)
  A hydra (D)
  An ogre mage (D)
  3 anacondas (D)
  3 centaur warriors (D)
  A two-headed ogre (shapeshifter) (D)
  4 dancing weapons (D)
  4 death yaks (D)
  Urug (D)
  6 orc high priests (D)
  A deep elf knight (D)
  4 skeletal warriors (D)
  A sea snake (D)
  A sea snake (shapeshifter) (D)
  A swamp dragon (shapeshifter) (D)
  A spriggan druid (D)
  A lindwurm (D)
  2 obsidian statues (D)
  A deep elf pyromancer (D)
  4 deep elf zephyrmancers (D)
  An orc knight (D)
  4 crystal guardians (D)
  8 ugly things (D)
  2 elephants (D)
  4 black mambas (D)
  A water nymph (shapeshifter) (D)
  4 statues (D)
  2 cane toads (D)
  An unseen horror (D)
  Edmund (D)
  A guardian serpent (D)
  A komodo dragon (D)
  A rime drake (D)
  A yaktaur (D)
  25 guardian mummies (D)
  3 wandering mushrooms (D)
  4 spriggan defenders (D)
  A queen bee (D)
  2 tyrant leeches (D)
  2 slime creatures (D)
  8 blink frogs (D)
  3 dream sheep (D)
  3 redbacks (D)
  2 spriggans (D)
  A shadow (D)
  A spatial vortex (D)
  2 nagas (D)
  A floating eye (D)
  4 water moccasins (D)
  4 orc warriors (D)
  A fire dragon simulacrum (D)
  A swamp drake (D)
  2 black mamba simulacra (D)
  2 centaurs (D)
  A necrophage (D)
  An earth elemental (D)
  A water elemental (D)
  32 killer bees (D)
  An orc priest (D)
  A jelly (D)
  Jessica (D)
  2 necromancers (D)
  A wizard (D)
  2 orc wizards (D)
  A polar bear simulacrum (D)
  3 humans (D)
  A kobold demonologist (D)
  A wolf (D)
  4 adders (D)
  An adder zombie (D)
  8 orcs (D)
  2 endoplasms (D)
  A ball python zombie (D)
  A rat (D)
  A bush (D)
  12 butterflies (D)
  2 plants (D)
299 creatures vanquished.

Vanquished Creatures (others)
  A hydra (D)
  A death drake (D)
  An electric eel (D)
  A butterfly (D)
  18 plants (D)
22 creatures vanquished.

Grand Total: 321 creatures vanquished

Notes
Turn   | Place    | Note
-------+----------+-------------------------------------------
     0 | D        | mhtbhm the Deep Elf Earth Elementalist began the quest for
                  | the Orb.
     0 | D        | Reached XP level 1. HP: 10/10 MP: 6/6
    38 | D        | Noticed Jessica
    41 | D        | Killed Jessica
    42 | D        | Reached XP level 2. HP: 15/15 MP: 4/9
    42 | D        | Reached XP level 3. HP: 19/19 MP: 4/11
   126 | D        | Learned a level 2 spell: Passwall
   130 | D        | Learned a level 3 spell: Stone Arrow
   184 | D        | Reached skill level 5 in Spellcasting
   352 | D        | Noticed a water elemental
   356 | D        | Killed a water elemental
   357 | D        | Reached XP level 4. HP: 24/24 MP: 9/15
   408 | D        | Found a radiant altar of Vehumet.
   409 | D        | Found a shimmering blue altar of Sif Muna.
   409 | D        | Found an ancient bone altar of Kikubaaqudgha.
   409 | D        | Noticed a wizard
   410 | D        | Killed a wizard
   411 | D        | Reached XP level 5. HP: 28/28 MP: 13/17
   419 | D        | Became a worshipper of Vehumet
   476 | D        | Learned a level 5 spell: Lee's Rapid Deconstruction
   481 | D        | Learned a level 4 spell: Petrify
   492 | D        | Found a basalt altar of Yredelemnul.
   492 | D        | Found a shadowy altar of Dithmenos.
   492 | D        | Found a sacrificial altar of Ru.
   492 | D        | Noticed a necrophage
   493 | D        | Killed a necrophage
   495 | D        | Reached skill level 10 in Earth Magic
   495 | D        | Reached XP level 6. HP: 32/32 MP: 7/20
   537 | D        | Found a glowing silver altar of Zin.
   537 | D        | Found a glowing golden altar of the Shining One.
   537 | D        | Found a white marble altar of Elyvilon.
   537 | D        | Noticed a deep elf pyromancer
   603 | D        | Killed a deep elf pyromancer
   603 | D        | Reached * piety under Vehumet
   603 | D        | Offered knowledge of Freeze by Vehumet.
   604 | D        | Reached skill level 5 in Dodging
   604 | D        | Reached skill level 5 in Stealth
   604 | D        | Reached XP level 7. HP: 21/36 MP: 0/25
   725 | D        | Found a hide-covered altar of Uskayaw.
   725 | D        | Found an iron altar of Okawaru.
   725 | D        | Found a bloodstained altar of Trog.
   725 | D        | Found an ornate altar of the Wu Jian Council.
   725 | D        | Noticed a human
   725 | D        | Noticed a human
   727 | D        | Killed a human
   728 | D        | Killed a human
   803 | D        | Offered knowledge of Foxfire by Vehumet.
   803 | D        | Reached ** piety under Vehumet
   803 | D        | Noticed a shadow
   806 | D        | Killed a shadow
   807 | D        | Reached XP level 8. HP: 41/41 MP: 11/28
   888 | D        | Found a blossoming altar of Fedhas.
   888 | D        | Found a stormy altar of Qazlal.
   888 | D        | Found a snail-covered altar of Cheibriados.
   888 | D        | Found a burning altar of Makhleb.
   888 | D        | Found a shimmering altar of Xom.
   889 | D        | Found a hazy altar of Hepliaklqana.
   889 | D        | Found an opulent altar of Gozag.
   889 | D        | Found a sparkling altar of Nemelex Xobeh.
   889 | D        | Found a corrupted altar of Lugonu.
   889 | D        | Found a viscous altar of Jiyva.
   894 | D        | Reached skill level 15 in Spellcasting
   974 | D        | Noticed Snorg
  1005 | D        | Killed Snorg
  1005 | D        | Offered knowledge of Mephitic Cloud by Vehumet.
  1006 | D        | Reached XP level 9. HP: 28/46 MP: 3/31
  1043 | D        | Learned a level 3 spell: Mephitic Cloud
  1152 | D        | Reached *** piety under Vehumet
  1225 | D        | Noticed a centaur warrior
  1233 | D        | Killed a centaur warrior
  1234 | D        | Reached skill level 5 in Transmutations
  1234 | D        | Reached skill level 15 in Earth Magic
  1234 | D        | Reached skill level 1 in Evocations
  1235 | D        | Offered knowledge of Sticky Flame by Vehumet.
  1332 | D        | Killed an unseen horror
  1332 | D        | Reached **** piety under Vehumet
  1333 | D        | Reached skill level 1 in Armour
  1389 | D        | Noticed a wandering mushroom
  1394 | D        | Noticed a wandering mushroom
  1397 | D        | Killed a wandering mushroom
  1397 | D        | Offered knowledge of Hailstorm by Vehumet.
  1399 | D        | Noticed a wandering mushroom
  1404 | D        | Killed a wandering mushroom
  1409 | D        | Killed a wandering mushroom
  1410 | D        | Reached skill level 1 in Conjurations
  1478 | D        | Noticed a cane toad
  1478 | D        | Noticed a komodo dragon
  1478 | D        | Noticed a cane toad
  1481 | D        | Killed a cane toad
  1481 | D        | Killed a cane toad
  1481 | D        | Reached ***** piety under Vehumet
  1482 | D        | Reached skill level 1 in Fighting
  1482 | D        | Reached XP level 10. HP: 28/52 MP: 24/35
  1576 | D        | Offered knowledge of Bolt of Magma by Vehumet.
  1581 | D        | Reached ****** piety under Vehumet
  1799 | D        | Learned a level 5 spell: Bolt of Magma
  1826 | D        | Noticed an orc knight
  1828 | D        | Noticed an orc high priest
  1829 | D        | Offered knowledge of Conjure Ball Lightning by Vehumet.
  1830 | D        | Killed an orc high priest
  1832 | D        | Killed an orc knight
  1837 | D        | Noticed an orc high priest
  1842 | D        | Noticed an orange demon
  1853 | D        | Killed an orc high priest
  1854 | D        | Reached XP level 11. HP: 57/57 MP: 6/38
  1970 | D        | Found Qoreoti's Antique Weapon Emporium.
  2019 | D        | Noticed a deep elf zephyrmancer
  2019 | D        | Noticed a deep elf zephyrmancer
  2019 | D        | Noticed a deep elf zephyrmancer
  2019 | D        | Noticed a deep elf knight
  2019 | D        | Noticed a deep elf zephyrmancer
  2027 | D        | Killed a deep elf knight
  2030 | D        | Killed a deep elf zephyrmancer
  2030 | D        | Killed a deep elf zephyrmancer
  2030 | D        | Offered knowledge of Ozocubu's Refrigeration by Vehumet.
  2031 | D        | Killed a deep elf zephyrmancer
  2032 | D        | Killed a deep elf zephyrmancer
  2066 | D        | Noticed a deep elf demonologist
  2068 | D        | Killed a deep elf demonologist
  2068 | D        | Noticed a deep elf demonologist
  2070 | D        | Killed a deep elf demonologist
  2073 | D        | Noticed a deep elf annihilator
  2075 | D        | Noticed a deep elf master archer
  2078 | D        | Killed a deep elf annihilator
  2080 | D        | Identified the +2 scale mail "Ruenaes" {Dex+4}
  2080 | D        | Identified the amulet "Seeschoqi" {Acrobat rElec rPois
                  | Stlth+}
  2080 | D        | Noticed a deep elf high priest
  2238 | D        | Noticed a deep elf demonologist
  2241 | D        | Killed a deep elf demonologist
  2277 | D        | Upgraded the game from 0.27-a0-1188-g73eefd5def to
                  | 0.27-a0-1189-gb8eb6cee8e
  2282 | D        | Noticed a deep elf high priest
  2282 | D        | HP: 1/57 [deep elf master archer/arrow (18)]
  2370 | D        | Killed a deep elf high priest
  2370 | D        | Offered knowledge of Iron Shot by Vehumet.
  2371 | D        | Killed a deep elf high priest
  2372 | D        | Reached XP level 12. HP: 40/62 MP: 11/42
  2894 | D        | Killed a deep elf master archer
  2910 | D        | Identified the Incunabulum of Unholy Earth
  2912 | D        | Identified the amulet of Conformity {Reflect Int+3 SH+5}
  2912 | D        | Identified the amulet "Hauhailu" {Acrobat rN++}
  2914 | D        | Identified Aruggel's Compendium of Stolen Souls
  2917 | D        | Identified the Volume of the Modern Ships
  3020 | D        | Learned a level 6 spell: Iron Shot
  3072 | D        | Noticed Sigmund
  3072 | D        | Noticed Edmund
  3080 | D        | Killed Sigmund
  3083 | D        | Killed Edmund
  3263 | D        | Offered knowledge of Irradiate by Vehumet.
  3511 | D        | Offered knowledge of Lightning Bolt by Vehumet.
  3541 | D        | Found Cianuzas's Antique Weapon Emporium.
  3541 | D        | Found Xippaunu's Antique Armour Shop.
  3541 | D        | Found Fisu's Assorted Antiques.
  3541 | D        | Found Leyjaov's Magic Scroll Shoppe.
  3541 | D        | Found Poha's Book Boutique.
  3541 | D        | Found Bahufy's Distillery.
  3541 | D        | Found Guraxiss's Weapon Shoppe.
  3541 | D        | Found Alek's Antique Weapon Shop.
  3541 | D        | Found Pamaso's Jewellery Shop.
  3541 | D        | Found Jodeduen's Distillery.
  3541 | D        | Found Wydwaw's Weapon Emporium.
  3585 | D        | Bought a scroll of identify for 26 gold pieces
  3587 | D        | Bought a scroll of identify for 26 gold pieces
  3587 | D        | Bought a scroll of identify for 26 gold pieces
  3873 | D        | Noticed a boulder beetle
  3878 | D        | Killed a boulder beetle
  3878 | D        | Offered knowledge of Orb of Destruction by Vehumet.
  3925 | D        | Reached skill level 1 in Air Magic
  3955 | D        | Learned a level 7 spell: Orb of Destruction
  3964 | D        | Reached XP level 13. HP: 66/66 MP: 39/45
  3986 | D        | Reached skill level 1 in Poison Magic
  4028 | D        | Noticed a fire dragon
  4032 | D        | Killed a fire dragon
  4055 | D        | Reached skill level 27 in Spellcasting
  4246 | D        | Reached skill level 1 in Fire Magic
  4301 | D        | Noticed Chuck
  4305 | D        | Offered knowledge of Shatter by Vehumet.
  4305 | D        | Offered knowledge of Chain Lightning by Vehumet.
  4305 | D        | Offered knowledge of Ignition by Vehumet.
  4314 | D        | Killed Chuck
  4376 | D        | Learned a level 9 spell: Shatter
  4385 | D        | Learned a level 8 spell: Ignition
  4396 | D        | Noticed Frederick
  4403 | D        | Killed Frederick
  4404 | D        | Reached skill level 5 in Fire Magic
  4461 | D        | Noticed a lich
  4464 | D        | Killed a lich
  4665 | D        | Noticed a shadow dragon
  4665 | D        | Noticed a shadow dragon
  4705 | D        | Killed a shadow dragon
  4706 | D        | Reached skill level 5 in Conjurations
  4707 | D        | Killed a shadow dragon
  4708 | D        | Reached XP level 14. HP: 72/72 MP: 30/47
  4861 | D        | Noticed a frost giant
  4861 | D        | Noticed a fire giant
  4861 | D        | Noticed a golden dragon
  4861 | D        | Noticed a golden dragon
  4861 | D        | Noticed a quicksilver dragon
  4861 | D        | Noticed a frost giant
  4861 | D        | Noticed a stone giant
  4862 | D        | Noticed a fire giant
  4863 | D        | Reached skill level 27 in Earth Magic
  4863 | D        | Killed a fire giant
  4864 | D        | Reached skill level 5 in Armour
  4864 | D        | Killed a frost giant
  4864 | D        | Killed a fire giant
  4865 | D        | Reached skill level 10 in Conjurations
  4865 | D        | Killed a frost giant
  4865 | D        | Killed a quicksilver dragon
  4865 | D        | Killed a stone giant
  4867 | D        | Reached skill level 15 in Fire Magic
  4867 | D        | Killed a golden dragon
  4868 | D        | Reached skill level 5 in Poison Magic
  4868 | D        | Killed a golden dragon
  4869 | D        | Reached skill level 10 in Transmutations
  4869 | D        | Reached XP level 15. HP: 51/76 MP: 40/48
  4902 | D        | Found the +10 Black Knight's barding {ponderous, rPois rN+}
  4910 | D        | Identified the +7 spear "Hellblazer" {flame, rElec rC-
                  | Dex+3}
  4911 | D        | Identified the amulet "Kuheoqaa" {Reflect rC+ Str+3 Dex+2
                  | SH+5}
  4915 | D        | Identified the Disquisition on the Mountains and
                  | Displacement
  4917 | D        | Identified Detz's Compendium of Air
  4923 | D        | Identified the ring "Baumupur" {rElec rC+ rCorr Str-3
                  | Dex+8}
  4927 | D        | Identified the +7 chain mail of Gallantry {Rampage rC+ rN+
                  | Int-5}
  4950 | D        | Identified the Catalogue of the Lobster
  4953 | D        | Got a silver rune of Zot
  5146 | D        | Acquired 687 gold pieces
  5152 | D        | Noticed a bone dragon
  5156 | D        | Killed a bone dragon
  5186 | D        | Noticed a bone dragon
  5191 | D        | Killed a bone dragon
  5359 | D        | Noticed a bone dragon
  5367 | D        | Killed a bone dragon
  5477 | D        | Noticed a bone dragon
  5488 | D        | Killed a bone dragon
  5489 | D        | Reached skill level 15 in Conjurations
  5703 | D        | Noticed a sphinx
  5703 | D        | Noticed a sphinx
  5924 | D        | Killed a sphinx
  5939 | D        | Killed a sphinx
  6470 | D        | Noticed Azrael
  6474 | D        | Killed Azrael
  6475 | D        | Found a blossoming altar of Fedhas.
  7189 | D        | Noticed Urug
  7198 | D        | Killed Urug
  7490 | D        | Reached XP level 16. HP: 81/81 MP: 43/49
  7521 | D        | Reached skill level 10 in Dodging
  7596 | D        | Found Jerail's Book Shop.
  7596 | D        | Found Timmepti's Antique Weapon Shoppe.
  7598 | D        | Found Keamn's Magic Scroll Boutique.
  7604 | D        | Bought a book of Annihilations for 1104 gold pieces
  7613 | D        | Learned a level 8 spell: Lehudib's Crystal Spear
  7615 | D        | Bought a scroll of holy word for 90 gold pieces
  7615 | D        | Bought a scroll of identify for 24 gold pieces
  7615 | D        | Bought a scroll of identify for 24 gold pieces
  7632 | D        | Got a serpentine rune of Zot
  7798 | D        | Noticed Rupert
  7801 | D        | Killed Rupert
  7882 | D        | Noticed Gastronok
  7894 | D        | Killed Gastronok
  7998 | D        | Reached skill level 10 in Armour
  8210 | D        | Noticed Polyphemus
  8214 | D        | Noticed Ilsuiw
  8220 | D        | Killed Polyphemus
  8221 | D        | Reached skill level 10 in Stealth
  8231 | D        | Killed Ilsuiw
  8281 | D        | Found Urapn's Book Shoppe.
  8282 | D        | Found Wehuudai's Magic Scroll Boutique.
  8290 | D        | Found Malorej's Antique Armour Emporium.
  8331 | D        | Got a barnacled rune of Zot
  8545 | D        | Bought a potion of curing for 36 gold pieces
  8545 | D        | Bought a potion of curing for 36 gold pieces
  8545 | D        | Bought a potion of curing for 36 gold pieces
  8545 | D        | Bought a potion of heal wounds for 60 gold pieces
  8545 | D        | Bought a potion of curing for 36 gold pieces
  8545 | D        | Bought a potion of magic for 96 gold pieces
  8545 | D        | Bought 2 potions of resistance for 240 gold pieces
  8549 | D        | Bought a potion of heal wounds for 70 gold pieces
  8549 | D        | Bought a potion of magic for 112 gold pieces
  8549 | D        | Bought a potion of magic for 112 gold pieces
  8549 | D        | Bought a potion of haste for 140 gold pieces
  8549 | D        | Bought a potion of heal wounds for 70 gold pieces
  8549 | D        | Bought a potion of mutation for 112 gold pieces
  8549 | D        | Bought a potion of mutation for 112 gold pieces
  8551 | D        | Bought a scroll of immolation for 45 gold pieces
  8711 | D        | Killed by a mummy priest's death curse

Illustrated notes

Levels and vault maps discovered:
D:        dungeon_sprint_mu [sprint_mu_entry_cave, sprint_mu_temple_rooms,
          sprint_mu_d1_horrors, sprint_mu_d2_genie, sprint_mu_d3_branching,
          sprint_mu_orc_legion, sprint_mu_elf_gauntlet, sprint_mu_hive_nellie,
          sprint_mu_lair_fedhas, sprint_mu_vaults_butterflies,
          sprint_mu_slime_circle, sprint_mu_shoals_archi,
          sprint_mu_snake_twists, sprint_mu_blade_basic,
          sprint_mu_crypt_chambers, sprint_mu_tomb_spiral,
          sprint_mu_vestibule_basic, sprint_mu_gehenna_hellfire,
          sprint_mu_dis_giant, sprint_mu_tartarus_statrot,
          sprint_mu_cocytus_islands, sprint_mu_zot1]

Skill      XL: |  1  2  3  4  5  6  7  8  9 10 11 12 13 14 15 16 |
---------------+-------------------------------------------------+-----
Earth Magic    | 6 8 10 12 13 14 16 18 20 22 26 27 | 27.0
Dodging        | 3 4 5 6 8 9 11 | 11.3
Stealth        | 3 4 5 6 8 10 | 10.2
Spellcasting   | 4 7 9 13 14 16 19 21 24 26 27 | 27.0
Transmutations | 2 3 4 5 7 10 11 12 | 12.9
Evocations     | 1 |  1.2
Armour         | 2 3 4 5 8 10 | 10.3
Conjurations   | 1 2 3 5 13 18 21 | 21.6
Fighting       | 1 2 |  2.5
Air Magic      | 1 3 |  3.8
Poison Magic   | 2 5 6 |  6.4
Fire Magic     | 7 16 21 23 | 23.9

Action                   |  1- 3 |  4- 6 |  7- 9 | 10-12 | 13-15 | 16-18 || total
-------------------------+-------+-------+-------+-------+-------+-------++-------
Melee: Unarmed           |       |       |     1 |       |       |       ||     1
       Staff             |       |       |       |     7 |     2 |       ||     9
 Cast: Sandblast         |    16 |     2 |     1 |     6 |       |       ||    25
       Stone Arrow       |     2 |     2 |     8 |     8 |       |       ||    20
       Passwall          |     2 |       |       |       |       |       ||     2
       Lee's Rapid Decon |       |     5 |    25 |    88 |   115 |    35 ||   268
       Petrify           |       |       |     6 |     9 |     4 |     4 ||    23
       Mephitic Cloud    |       |       |     1 |     4 |     1 |       ||     6
       Bolt of Magma     |       |       |       |     2 |     6 |       ||     8
       Iron Shot         |       |       |       |     2 |    22 |     3 ||    27
       Orb of Destructio |       |       |       |       |     1 |     2 ||     3
       Shatter           |       |       |       |       |    13 |       ||    13
       Ignition          |       |       |       |       |       |     4 ||     4
       Lehudib's Crystal |       |       |       |       |       |     3 ||     3
Evoke: Phantom mirror    |       |       |     1 |       |       |       ||     1
  Use: Potion            |       |       |     3 |     2 |       |     2 ||     7
       Scroll            |       |       |       |     4 |     3 |     5 ||    12
Armor: Troll leather arm |       |       |       |     9 |     8 |     4 ||    21
Dodge: Dodged            |     4 |       |     3 |    21 |    30 |     6 ||    64

Table legend: (Time is in decaauts)
 A = Elapsed time spent in this place.
 B = Non-inter-level travel time spent in this place.
 C = Inter-level travel time spent in this place.
 D = Time resting spent in this place.
 E = Time spent auto-exploring this place.
 F = Levels seen in this place.
 G = Mean time per level.
                   A        B        C        D        E       F      G
               +--------+--------+--------+--------+--------+-----+--------+
         Total |   8776 |   8721 |     55 |   5621 |     14 |   1 | 8776.0 |
       Dungeon |   8776 |   8721 |     55 |   5621 |     14 |   1 | 8776.0 |
               +--------+--------+--------+--------+--------+-----+--------+

Top non-repeatable levels by time:
       D: 8776 daAuts
